[Event "12h Blitz Kuppenheim Endrunde"]
[Site "Kuppenheim"]
[Date "2005.06.04"]
[Round "?"]
[White "KingLoek"]
[Black "Manakov"]
[Result "1-0"]
[ECO "E97"]
[WhiteElo "2685"]
[BlackElo "2335"]
[PlyCount "45"]
[EventDate "2005.06.03"]
[EventType "blitz"]
[Source "Kuppenheim"]
[SourceDate "2005.01.01"]
[TimeControl "240"]

1. d4 g6 2. c4 Bg7 3. Nf3 Nf6 4. Nc3 O-O 5. e4 d6 6. Be2 e5 7. O-O Nc6 8. d5 Ne7 9. b4 Nh5 10. Re1 a5 11. bxa5 Rxa5 12. Nd2 Nf4 13. Bf1 Ra8 14. a4 f5 15. Ba3 fxe4 16. Ndxe4 Nf5 17. c5 Re8 18. g3 Nh5 19. g4 Nd4 20. gxh5 dxc5 21. Bxc5 Qh4 22. Bxd4 exd4 23. Nf6+ {
Kuppenheim gibt auf  (Lag: Av=0.61s, max=1.3s) [%emt 0:00:03]} 1-0

[Event "12h Blitz Kuppenheim Endrunde"]
[Site "Kuppenheim"]
[Date "2005.06.04"]
[Round "?"]
[White "Xheladini"]
[Black "KingLoek"]
[Result "0-1"]
[ECO "B30"]
[WhiteElo "2230"]
[BlackElo "2685"]
[PlyCount "60"]
[EventDate "2005.06.03"]
[EventType "blitz"]
[Source "Kuppenheim"]
[SourceDate "2005.01.01"]
[TimeControl "240"]

1. e4 c5 2. Nc3 Nc6 3. Nf3 g6 4. Bc4 Bg7 5. O-O e6 6. Re1 d6 7. a4 a6 8. d3 Nge7 9. Ba2 O-O 10. Bd2 Rb8 11. h3 b5 12. axb5 axb5 13. Qc1 Re8 14. Bh6 Bh8 15. Ne2 d5 16. Ng5 Qd6 17. c3 d4 18. Qd2 Bd7 19. f4 dxc3 20. bxc3 b4 21. Bc4 bxc3 22. Qc1 Nd4 23. e5 Nxe2+ 24. Rxe2 Qd4+ 25. Kh2 Nd5 26. Re4 Qf2 27. Ra2 Rb2 28. Rxb2 cxb2 29. Qe1 Qxe1 30. Rxe1 Nc3 {
Zeit  (Lag: Av=0.51s, max=0.6s) . Kuppenheim gibt auf [%emt 0:00:01]} 0-1

[Event "12h Blitz Kuppenheim Endrunde"]
[Site "Kuppenheim"]
[Date "2005.06.04"]
[Round "?"]
[White "KingLoek"]
[Black "Thoms"]
[Result "1-0"]
[ECO "D43"]
[WhiteElo "2685"]
[BlackElo "2100"]
[PlyCount "75"]
[EventDate "2005.06.03"]
[EventType "blitz"]
[Source "Kuppenheim"]
[SourceDate "2005.01.01"]
[TimeControl "240"]

1. d4 d5 2. c4 e6 3. Nc3 c6 4. Nf3 Nf6 5. Bg5 h6 6. Bh4 dxc4 7. e4 g5 8. Bg3 b5 9. Be2 Bb7 10. h4 g4 11. Ne5 h5 12. O-O Nbd7 13. Qc2 Nxe5 14. Bxe5 Bg7 15. Rad1 O-O 16. Bg3 a6 17. f3 gxf3 18. Bxf3 Qe7 19. e5 Ng4 20. Bxg4 hxg4 21. Ne4 f5 22. exf6 Bxf6 23. Bd6 Qg7 24. Rxf6 Rxf6 25. Be5 Raf8 26. Nxf6+ Rxf6 27. Qc3 Qh6 28. Bxf6 Qxf6 29. Qg3 Qg7 30. Kh2 a5 31. Rf1 b4 32. Rf4 Kh8 33. Rxg4 Qf7 34. Qe5+ Kh7 35. h5 c5 36. h6 Kxh6 37. Qg5+ Kh7 38. Rh4+ {
Kuppenheim gibt auf  (Lag: Av=0.50s, max=0.7s) [%emt 0:00:02]} 1-0

[Event "12h Blitz Kuppenheim Endrunde"]
[Site "Kuppenheim"]
[Date "2005.06.04"]
[Round "?"]
[White "Hunerfauth"]
[Black "KingLoek"]
[Result "0-1"]
[ECO "B50"]
[WhiteElo "2050"]
[BlackElo "2685"]
[PlyCount "76"]
[EventDate "2005.06.03"]
[EventType "blitz"]
[Source "Kuppenheim"]
[SourceDate "2005.01.01"]
[TimeControl "240"]

1. e4 c5 2. Nf3 d6 3. c3 Nf6 4. Be2 Nbd7 5. d3 g6 6. O-O Bg7 7. Nbd2 O-O 8. Re1 a6 9. a4 b6 10. Nc4 Bb7 11. Bf1 b5 12. axb5 axb5 13. Rxa8 Qxa8 14. Ne3 h6 15. Bd2 Qa2 16. Qa1 Ra8 17. Nc2 Qb3 18. Qb1 Ng4 19. h3 Nge5 20. Nxe5 Nxe5 21. d4 cxd4 22. Nxd4 Qa2 23. Nxb5 Qxb1 24. Rxb1 Bxe4 25. Re1 Bd3 26. Nd4 Bxf1 27. Kxf1 Ra2 28. Bc1 Nd3 29. Rd1 Nxc1 30. Rxc1 Rxb2 31. Nc6 e6 32. c4 Bf6 33. Rd1 Rc2 34. Rxd6 Rxc4 35. Ke2 h5 36. Kd3 Ra4 37. Ke2 Kg7 38. Ke3 Ra6 {
Kuppenheim gibt auf  (Lag: Av=0.55s, max=1.6s) [%emt 0:00:08]} 0-1

[Event "12h Blitz Kuppenheim Endrunde"]
[Site "Kuppenheim"]
[Date "2005.06.04"]
[Round "?"]
[White "KingLoek"]
[Black "Mutschnik"]
[Result "1/2-1/2"]
[ECO "E97"]
[WhiteElo "2685"]
[BlackElo "2410"]
[PlyCount "95"]
[EventDate "2005.06.03"]
[EventType "blitz"]
[Source "Kuppenheim"]
[SourceDate "2005.01.01"]
[TimeControl "240"]

1. d4 Nf6 2. Nf3 g6 3. c4 Bg7 4. Nc3 O-O 5. e4 d6 6. Be2 e5 7. O-O Nc6 8. d5 Ne7 9. b4 Nh5 10. Re1 f5 11. Ng5 Nf6 12. f3 Nh5 13. c5 Nf4 14. Bc4 Kh8 15. Rb1 Nexd5 16. Nxd5 Qxg5 17. Bxf4 exf4 18. Nxc7 Rb8 19. cxd6 fxe4 20. d7 exf3 21. Qxf3 Bxd7 22. Ne6 Bxe6 23. Bxe6 Rbe8 24. h3 Qg3 25. Kf1 Qh2 26. Rbd1 Bf6 27. Re4 Rd8 28. Bd5 b6 29. Ke2 Rfe8 30. Bc6 Rxe4+ 31. Qxe4 Rxd1 32. Kxd1 Qg1+ 33. Ke2 Qd4 34. Qxd4 Bxd4 35. Kf3 Be3 36. b5 Kg7 37. Bd5 Kf6 38. Bg8 h6 39. Bc4 Ke5 40. Bd3 g5 41. a4 Kd4 42. Bc2 Kc3 43. Bd1 Kd2 44. Bb3 Ke1 45. Bc2 Kf1 46. Bd3+ Kg1 47. Bg6 Kh2 48. Bh5 {
KingLoek offers a draw  (Lag: Av=0.53s, max=0.7s) [%emt 0:00:01]} 1/2-1/2

[Event "12h Blitz Kuppenheim Endrunde"]
[Site "Kuppenheim"]
[Date "2005.06.04"]
[Round "?"]
[White "Stockmann"]
[Black "KingLoek"]
[Result "0-1"]
[ECO "D11"]
[WhiteElo "2200"]
[BlackElo "2685"]
[PlyCount "48"]
[EventDate "2005.06.03"]
[EventType "blitz"]
[Source "Kuppenheim"]
[SourceDate "2005.01.01"]
[TimeControl "240"]

1. d4 Nf6 2. Nf3 d5 3. g3 Bf5 4. Bg2 e6 5. O-O c6 6. c4 Nbd7 7. Nc3 dxc4 8. Re1 Bb4 9. Bg5 h6 10. Bxf6 Nxf6 11. Ne5 O-O 12. Nxc4 Rc8 13. Rc1 Qe7 14. a3 Bxc3 15. Rxc3 Rfd8 16. e3 c5 17. Ne5 Ne4 18. Rc1 Qf6 19. Qa4 Nxf2 20. Nd7 Qe7 21. Nxc5 b6 22. Na6 Nd3 23. Rxc8 Rxc8 24. Rd1 Nxb2 {
Kuppenheim gibt auf  (Lag: Av=0.56s, max=1.6s) [%emt 0:00:04]} 0-1

[Event "12h Blitz Kuppenheim Endrunde"]
[Site "Kuppenheim"]
[Date "2005.06.04"]
[Round "?"]
[White "KingLoek"]
[Black "Telljohann"]
[Result "1-0"]
[ECO "A40"]
[WhiteElo "2685"]
[BlackElo "2400"]
[PlyCount "127"]
[EventDate "2005.06.03"]
[EventType "blitz"]
[Source "Kuppenheim"]
[SourceDate "2005.01.01"]
[TimeControl "240"]

1. d4 g6 2. c4 Bg7 3. Nf3 c5 4. d5 Nf6 5. Nc3 O-O 6. e4 d6 7. h3 Na6 8. Bd3 Nc7 9. O-O a6 10. a4 Rb8 11. Re1 e6 12. Bg5 h6 13. Be3 e5 14. Qd2 Kh7 15. Rab1 a5 16. Nh2 Nd7 17. b3 b6 18. Ne2 Ne8 19. Ng4 h5 20. Nh2 Nef6 21. Rf1 Ng8 22. Rbe1 Qe7 23. Nf3 Bh6 24. Ng5+ Kg7 25. Kh1 Ndf6 26. f4 exf4 27. Bxf4 Nd7 28. Qb2+ Ne5 29. Nf3 f6 30. Bb1 Bd7 31. Rf2 Rf7 32. Ref1 Rbf8 33. Qd2 g5 34. Be3 h4 35. Nh2 Qd8 36. Bc2 Qe7 37. Ng1 Qd8 38. Bd1 Kh7 39. Bh5 Rg7 40. Ngf3 Nxf3 41. Rxf3 Qe7 42. Qd3 Kh8 43. Ng4 Be8 44. Bxe8 Rxe8 45. Nxh6 Nxh6 46. Rxf6 Ng8 47. Re6 Qd7 48. Rxe8 Qxe8 49. Bd2 Rg6 50. Rf5 Ne7 51. Rxg5 Rxg5 52. Bxg5 Ng6 53. Qf3 Kg7 54. Qf6+ Kh7 55. Qf5 Kg7 56. Bf6+ Kg8 57. Bc3 Qf7 58. Qxf7+ Kxf7 59. Kg1 Nf4 60. Kf2 Kg6 61. Bd2 Nd3+ 62. Kf3 Ne5+ 63. Ke2 Nd7 64. Bf4 {
Kuppenheim gibt auf  (Lag: Av=0.53s, max=0.7s) [%emt 0:00:01]} 1-0

[Event "12h Blitz Kuppenheim Endrunde"]
[Site "Kuppenheim"]
[Date "2005.06.04"]
[Round "?"]
[White "Paleologu"]
[Black "KingLoek"]
[Result "0-1"]
[ECO "C51"]
[WhiteElo "2150"]
[BlackElo "2685"]
[PlyCount "136"]
[EventDate "2005.06.03"]
[EventType "blitz"]
[Source "Kuppenheim"]
[SourceDate "2005.01.01"]
[TimeControl "240"]

1. e4 e5 2. Nf3 Nc6 3. Bc4 Bc5 4. b4 Bxb4 5. c3 Bd6 6. d4 Nf6 7. Nbd2 O-O 8. O-O Qe7 9. Re1 b6 10. Nf1 Na5 11. Bb3 Nxb3 12. axb3 Qe6 13. Ng3 h6 14. Nf5 Ne8 15. c4 Bb4 16. Bd2 Bxd2 17. Qxd2 d6 18. d5 Qf6 19. Ng3 Qe7 20. Ra2 Nf6 21. b4 Bg4 22. Qd3 Rfc8 23. Rea1 c6 24. h3 Bxf3 25. Qxf3 cxd5 26. Nf5 Qf8 27. Nxh6+ gxh6 28. Qxf6 dxc4 29. Ra3 c3 30. Rc1 Qg7 31. Qxd6 Qg6 32. Qxe5 Re8 33. Qg3 Qxg3 34. fxg3 Rac8 35. Raxc3 Rxc3 36. Rxc3 Rxe4 37. b5 Rb4 38. Ra3 Rxb5 39. Rxa7 h5 40. Kh2 Kg7 41. h4 Rb4 42. Kh3 Kg6 43. Rb7 f6 44. Kh2 Rb1 45. g4 hxg4 46. Kg3 Kf5 47. h5 Rb3+ 48. Kh4 Rb1 49. h6 Rh1+ 50. Kg3 Rxh6 51. Rxb6 Kg5 52. Rb5+ f5 53. Ra5 Re6 54. Kf2 Rd6 55. g3 Rd2+ 56. Kg1 Rb2 57. Rc5 Kf6 58. Ra5 Ke6 59. Rc5 Rd2 60. Ra5 Rd5 61. Ra6+ Ke5 62. Kf2 Rd2+ 63. Kg1 Rd3 64. Ra4 Rxg3+ 65. Kf2 Rf3+ 66. Ke2 Rf4 67. Ra5+ Kf6 68. Rb5 Kg5 {
Zeit  (Lag: Av=0.52s, max=1.8s) . [%emt 0:00:00]} 0-1

[Event "12h Blitz Kuppenheim Endrunde"]
[Site "Kuppenheim"]
[Date "2005.06.04"]
[Round "?"]
[White "KingLoek"]
[Black "Manik"]
[Result "1-0"]
[ECO "D15"]
[WhiteElo "2685"]
[BlackElo "2500"]
[PlyCount "79"]
[EventDate "2005.06.03"]
[EventType "blitz"]
[Source "Kuppenheim"]
[SourceDate "2005.01.01"]
[TimeControl "240"]

1. d4 d5 2. c4 c6 3. Nc3 Nf6 4. Nf3 a6 5. a4 e6 6. Bg5 a5 7. e3 Na6 8. Be2 Be7 9. O-O O-O 10. Ne5 Nd7 11. Bxe7 Qxe7 12. f4 f5 13. Nf3 b6 14. Rc1 Nb4 15. Qd2 Bb7 16. b3 c5 17. Nb5 Nf6 18. Ne5 Ne4 19. Qb2 Rac8 20. Bf3 Nf6 21. Rfd1 Rfd8 22. h3 h6 23. Kh2 Kh7 24. Qb1 dxc4 25. bxc4 Bxf3 26. Nxf3 Ne4 27. Qb3 cxd4 28. exd4 Rd7 29. Ne5 Rdd8 30. Qe3 Qf6 31. g4 Nd6 32. Nxd6 Rxd6 33. g5 Qf8 34. Rg1 Rcd8 35. Nf3 h5 36. g6+ Kg8 37. c5 bxc5 38. dxc5 Rd3 39. Qxe6+ Kh8 40. Rg5 {
Kuppenheim gibt auf  (Lag: Av=0.54s, max=1.6s) [%emt 0:00:02]} 1-0

[Event "12h Blitz Kuppenheim Endrunde"]
[Site "Kuppenheim"]
[Date "2005.06.04"]
[Round "?"]
[White "Riff, J-M."]
[Black "KingLoek"]
[Result "0-1"]
[ECO "B85"]
[WhiteElo "2440"]
[BlackElo "2685"]
[PlyCount "86"]
[EventDate "2005.06.03"]
[EventType "blitz"]
[Source "Kuppenheim"]
[SourceDate "2005.01.01"]
[TimeControl "240"]

1. e4 c5 2. Nf3 d6 3. d4 cxd4 4. Nxd4 Nf6 5. Nc3 a6 6. Be2 e6 7. O-O Be7 8. f4 O-O 9. Bf3 Qc7 10. Be3 Re8 11. a4 Nc6 12. Nxc6 bxc6 13. a5 Nd7 14. Na4 c5 15. c4 Bb7 16. Nc3 Rab8 17. Qc2 Bc6 18. Rfd1 Rb4 19. b3 Reb8 20. Ra3 Qb7 21. Rb1 Qc7 22. Rd1 Nf6 23. Na2 R4b7 24. Nc1 Bf8 25. Ra2 Rb4 26. Bd2 R4b7 27. Bc3 Nd7 28. Qf2 Be7 29. Rad2 Nf6 30. Qg3 g6 31. e5 Ne8 32. exd6 Bxd6 33. Rxd6 Nxd6 34. Be5 Bxf3 35. gxf3 Rd8 36. f5 Nxf5 37. Rxd8+ Qxd8 38. Qf4 g5 39. Qe4 Rd7 40. Ne2 Rd2 41. Kf2 Nd4 42. Kf1 Rxe2 43. Qg4 Rxe5 {
Kuppenheim gibt auf  (Lag: Av=0.50s, max=0.7s) [%emt 0:00:01]} 0-1

[Event "12h Blitz Kuppenheim Endrunde"]
[Site "Kuppenheim"]
[Date "2005.06.04"]
[Round "?"]
[White "KingLoek"]
[Black "Riff, S."]
[Result "1-0"]
[ECO "E91"]
[WhiteElo "2685"]
[BlackElo "2200"]
[PlyCount "89"]
[EventDate "2005.06.03"]
[EventType "blitz"]
[Source "Kuppenheim"]
[SourceDate "2005.01.01"]
[TimeControl "240"]

1. d4 Nf6 2. Nf3 g6 3. c4 Bg7 4. Nc3 O-O 5. e4 d6 6. Be2 Na6 7. O-O e5 8. Re1 exd4 9. Nxd4 Nc5 10. f3 a5 11. Bf1 c6 12. Be3 Qc7 13. Qd2 Ne6 14. Rad1 Ne8 15. Na4 Nxd4 16. Bxd4 Be6 17. b3 Rb8 18. Bb6 Qe7 19. Qxa5 Qh4 20. Bf2 Qe7 21. Qd2 b5 22. cxb5 cxb5 23. Nc3 b4 24. Nd5 Qb7 25. Bc4 Nc7 26. Nxc7 Bxc4 27. Nd5 Bxd5 28. Qxd5 Qxd5 29. Rxd5 Ra8 30. Re2 Ra6 31. Be1 Rb8 32. Rc2 Bf8 33. Kf1 Rba8 34. Bxb4 Rxa2 35. Rxa2 Rxa2 36. Bxd6 Ra1+ 37. Kf2 Ra2+ 38. Kg3 Bg7 39. b4 Ra6 40. Kh3 Bf6 41. b5 Ra2 42. e5 Bg5 43. e6 Be3 44. e7 Ra8 45. Re5 {
Kuppenheim gibt auf  (Lag: Av=0.54s, max=0.7s) [%emt 0:00:02]} 1-0

[Event "12h Blitz Kuppenheim Endrunde"]
[Site "Kuppenheim"]
[Date "2005.06.04"]
[Round "?"]
[White "Schmitt"]
[Black "KingLoek"]
[Result "0-1"]
[ECO "B82"]
[WhiteElo "2150"]
[BlackElo "2685"]
[PlyCount "74"]
[EventDate "2005.06.03"]
[EventType "blitz"]
[Source "Kuppenheim"]
[SourceDate "2005.01.01"]
[TimeControl "240"]

1. e4 c5 2. Nf3 d6 3. d4 cxd4 4. Nxd4 Nf6 5. Nc3 a6 6. f4 e6 7. Qf3 Qb6 8. a3 Nc6 9. Nb3 Qc7 10. Be3 b5 11. Bd3 Bb7 12. O-O Be7 13. g4 O-O 14. g5 Nd7 15. Qh5 Rfe8 16. Rf3 g6 17. Qh6 Bf8 18. Qh4 Bg7 19. Rh3 Nf8 20. Rf1 b4 21. axb4 Nxb4 22. f5 exf5 23. exf5 Qc6 24. Ne4 Rxe4 25. Bxe4 Qxe4 26. Qxe4 Bxe4 27. f6 Bh8 28. Rf4 d5 29. c3 Nd3 30. Rfh4 Nxb2 31. Bc5 h5 32. gxh6 Nh7 33. Bd4 Bxf6 34. Bxf6 Nxf6 35. h7+ Kh8 36. Rf4 Bf5 37. Nd4 Bxh3 {
Kuppenheim gibt auf  (Lag: Av=0.50s, max=0.9s) [%emt 0:00:01]} 0-1

[Event "12h Blitz Kuppenheim Endrunde"]
[Site "Kuppenheim"]
[Date "2005.06.04"]
[Round "?"]
[White "KingLoek"]
[Black "Lerch"]
[Result "1-0"]
[ECO "E15"]
[WhiteElo "2685"]
[BlackElo "2300"]
[PlyCount "105"]
[EventDate "2005.06.03"]
[EventType "blitz"]
[Source "Kuppenheim"]
[SourceDate "2005.01.01"]
[TimeControl "240"]

1. d4 Nf6 2. c4 e6 3. Nf3 b6 4. g3 Ba6 5. Qb3 Nc6 6. Nbd2 Na5 7. Qc3 c5 8. dxc5 bxc5 9. Bg2 Bb7 10. O-O Be7 11. b3 O-O 12. Bb2 Qb6 13. Rad1 Rac8 14. e4 d6 15. e5 dxe5 16. Nxe5 Bxg2 17. Kxg2 Rfd8 18. Ndf3 Nc6 19. h3 Qb7 20. Kg1 Ne4 21. Qe3 Nxe5 22. Nxe5 Bf6 23. Qf3 Qa8 24. Rfe1 Nd6 25. Qxa8 Rxa8 26. g4 Rac8 27. Kg2 Kf8 28. Rd2 Ke8 29. Kf3 Nb7 30. Red1 a6 31. Ke4 Rxd2 32. Rxd2 Rd8 33. Rxd8+ Nxd8 34. f4 h6 35. f5 Ke7 36. Ba3 Kd6 37. Nd3 Nb7 38. Bc1 Bd4 39. Bf4+ e5 40. Bg3 f6 41. a3 a5 42. Be1 Nd8 43. Bxa5 Nc6 44. Bd2 Ne7 45. b4 Kc6 46. b5+ Kc7 47. a4 Nc8 48. Ne1 Nd6+ 49. Kd5 e4 50. Bf4 Be5 51. Bxe5 fxe5 52. Nc2 Kd7 53. Ne3 {
Kuppenheim gibt auf  (Lag: Av=0.52s, max=0.8s) [%emt 0:00:01]} 1-0

[Event "12h Blitz Kuppenheim Endrunde"]
[Site "Kuppenheim"]
[Date "2005.06.04"]
[Round "?"]
[White "Bauer"]
[Black "KingLoek"]
[Result "1-0"]
[ECO "A00"]
[WhiteElo "2640"]
[BlackElo "2685"]
[PlyCount "143"]
[EventDate "2005.06.03"]
[EventType "blitz"]
[Source "Kuppenheim"]
[SourceDate "2005.01.01"]
[TimeControl "240"]

1. Nc3 d5 2. e4 d4 3. Nce2 e5 4. Ng3 Be6 5. c3 c5 6. Qa4+ Nc6 7. Bb5 Nge7 8. Nf3 f6 9. cxd4 cxd4 10. Bc4 Qd7 11. d3 a6 12. Bd2 b5 13. Bxb5 Qb7 14. Bc4 Bxc4 15. Qxc4 Qxb2 16. O-O Qb5 17. Qc2 Nd8 18. Rab1 Qc6 19. Qb3 Qe6 20. Rfc1 Qxb3 21. Rxb3 Rc8 22. Rxc8 Nxc8 23. Rb8 Kd7 24. Ra8 Ne6 25. Rxa6 Nc5 26. Ra3 Nxe4 27. Ra5 Nc5 28. Ne1 Bd6 29. Nf5 Bf8 30. Nxg7 Nxd3 31. Nxd3 Bxg7 32. f4 Re8 33. Nc5+ Kc6 34. fxe5 fxe5 35. Ne4 Nb6 36. Rc5+ Kd7 37. Ba5 Na8 38. Kf1 Rb8 39. Rd5+ Ke8 40. g4 Ke7 41. a3 Nb6 42. Bb4+ Kf7 43. Rd6 Nc4 44. Ng5+ Kg8 45. Rd7 Ne3+ 46. Ke2 Nxg4 47. Ne6 Bf6 48. h3 Nh6 49. Kd3 Nf7 50. Ke4 Ng5+ 51. Kf5 Nxe6 52. Kxf6 Rb6 53. Bd6 Nf8 54. Rd8 Rxd6+ 55. Rxd6 Ng6 56. a4 e4 57. a5 e3 58. a6 e2 59. a7 e1=Q 60. a8=Q+ Nf8 61. Qd5+ Kh8 62. Qxd4 Kg8 63. Qd5+ Kh8 64. Qe5 Qxe5+ 65. Kxe5 Kg7 66. Kf5 Ng6 67. Rxg6+ Kf7 68. Kg5 Kf8 69. Rh6 Kg7 70. Rxh7+ Kxh7 71. h4 Kg7 72. Kh5 {
Time  (Lag: Av=0.54s, max=1.4s) [%emt 0:00:00]} 1-0

[Event "12h Blitz Kuppenheim Endrunde"]
[Site "Kuppenheim"]
[Date "2005.06.04"]
[Round "?"]
[White "KingLoek"]
[Black "Gurewitsch"]
[Result "1-0"]
[ECO "A47"]
[WhiteElo "2685"]
[BlackElo "2445"]
[PlyCount "73"]
[EventDate "2005.06.03"]
[EventType "blitz"]
[Source "Kuppenheim"]
[SourceDate "2005.01.01"]
[TimeControl "240"]

1. d4 Nf6 2. Nf3 e6 3. Bg5 Be7 4. Nbd2 c5 5. e3 h6 6. Bh4 b6 7. c3 Bb7 8. Bd3 d6 9. a3 O-O 10. O-O Nc6 11. h3 Re8 12. Qe2 Qc7 13. Rac1 Rac8 14. b4 Qb8 15. Bg3 cxd4 16. cxd4 Qa8 17. Nc4 Red8 18. b5 Nb8 19. a4 Be4 20. Bh2 Bxd3 21. Qxd3 Qb7 22. Rc2 Ne4 23. Rfc1 d5 24. Na5 bxa5 25. Rc7 Rxc7 26. Rxc7 Qb6 27. Rxe7 Rc8 28. g4 a6 29. Ne5 f6 30. Ng6 axb5 31. Qxb5 Qxb5 32. axb5 a4 33. Ra7 Rc1+ 34. Kg2 Rc2 35. Bg3 Rb2 36. Ra8 {. [%emt 0:00:07]} Rxb5 37. Bxb8 {Zeit  (Lag: Av=0.53s, max=0.9s) [%emt 0:00:03]} 1-0

[Event "12h Blitz Kuppenheim Endrunde"]
[Site "Kuppenheim"]
[Date "2005.06.04"]
[Round "?"]
[White "Riff, V."]
[Black "KingLoek"]
[Result "0-1"]
[ECO "D02"]
[WhiteElo "2242"]
[BlackElo "2685"]
[PlyCount "72"]
[EventDate "2005.06.03"]
[EventType "blitz"]
[Source "Kuppenheim"]
[SourceDate "2005.01.01"]
[TimeControl "240"]

1. d4 d5 2. Nf3 Nf6 3. Bf4 c5 4. e3 Nc6 5. c3 Qb6 6. Qb3 c4 7. Qc2 Bf5 8. Qc1 e6 9. Nbd2 Qd8 10. Be2 h6 11. h3 b5 12. Ne5 Rc8 13. Ndf3 Bd6 14. Nxc6 Rxc6 15. Bxd6 Qxd6 16. Ne5 Rc7 17. Bg4 O-O 18. Bxf5 exf5 19. O-O b4 20. Qc2 g6 21. cxb4 Qxb4 22. b3 c3 23. Nd3 Qa3 24. Nc5 Ne4 25. Na4 Rfc8 26. f3 Nd6 27. Rfc1 Nb5 28. Nc5 Rxc5 29. dxc5 Qxc5 30. Qd3 Re8 31. a4 Rxe3 32. Qxb5 Re1+ 33. Kh2 Qg1+ 34. Kg3 Rxc1 35. Rxc1 f4+ 36. Kh4 Qf2+ {
Kuppenheim gibt auf  (Lag: Av=0.52s, max=0.6s) [%emt 0:00:10]} 0-1

[Event "12h Blitz Kuppenheim Endrunde"]
[Site "Kuppenheim"]
[Date "2005.06.04"]
[Round "?"]
[White "Cicak"]
[Black "KingLoek"]
[Result "1/2-1/2"]
[ECO "B40"]
[WhiteElo "2530"]
[BlackElo "2685"]
[PlyCount "41"]
[EventDate "2005.06.03"]
[EventType "blitz"]
[Source "Kuppenheim"]
[SourceDate "2005.01.01"]
[TimeControl "240"]

1. e4 c5 2. Nf3 e6 3. b3 Nc6 4. Bb2 d5 5. exd5 exd5 6. Bb5 Nf6 7. O-O Be7 8. Ne5 Qc7 9. Re1 O-O 10. Bxc6 bxc6 11. d3 Bd6 12. Nd2 Re8 13. Ndf3 h6 14. h3 Bf5 15. Qd2 Re6 16. Re2 Rae8 17. Rae1 Bh7 18. Kf1 R8e7 19. Ng4 Nxg4 20. hxg4 Qd7 21. Be5 {
Kuppenheim bietet Remis  (Lag: Av=0.50s, max=0.6s) [%emt 0:00:11]} 1/2-1/2

[Event "12h Blitz Kuppenheim Endrunde"]
[Site "Kuppenheim"]
[Date "2005.06.04"]
[Round "?"]
[White "KingLoek"]
[Black "Schmidt"]
[Result "1-0"]
[ECO "A85"]
[WhiteElo "2685"]
[BlackElo "2100"]
[PlyCount "53"]
[EventDate "2005.06.03"]
[EventType "blitz"]
[Source "Kuppenheim"]
[SourceDate "2005.01.01"]
[TimeControl "240"]

1. d4 d5 2. c4 e6 3. Nc3 c6 4. Nf3 f5 5. Bf4 Nf6 6. e3 Bd6 7. c5 Bxf4 8. exf4 O-O 9. Bd3 Qe7 10. O-O Kh8 11. g3 Nbd7 12. b4 a6 13. Rb1 Rg8 14. Ne2 Ne4 15. Ne1 g5 16. f3 Nef6 17. fxg5 Rxg5 18. Qd2 Rg7 19. Ng2 Nf8 20. Bc2 e5 21. dxe5 Qxe5 22. Rbe1 Qc7 23. Nd4 Ng6 24. Bxf5 Bd7 25. Bc2 Rag8 26. Rf2 Ne5 27. Qf4 {
Kuppenheim gibt auf  (Lag: Av=0.54s, max=1.1s) [%emt 0:00:07]} 1-0

[Event "12h Blitz Kuppenheim Endrunde"]
[Site "Kuppenheim"]
[Date "2005.06.04"]
[Round "?"]
[White "Gheng"]
[Black "KingLoek"]
[Result "1/2-1/2"]
[ECO "B82"]
[WhiteElo "2340"]
[BlackElo "2685"]
[PlyCount "140"]
[EventDate "2005.06.03"]
[EventType "blitz"]
[Source "Kuppenheim"]
[SourceDate "2005.01.01"]
[TimeControl "240"]

1. e4 c5 2. Nf3 d6 3. d4 cxd4 4. Nxd4 Nf6 5. Nc3 a6 6. Bd3 e6 7. O-O Be7 8. Kh1 O-O 9. f4 Qc7 10. Be3 b5 11. a3 Bb7 12. Nde2 Nbd7 13. Ng3 Nb6 14. Qe1 Nc4 15. Bc1 Rac8 16. b3 Nxa3 17. Bxa3 Qxc3 18. Qxc3 Rxc3 19. e5 Ne8 20. Bb4 Rc7 21. Be4 d5 22. Bxe7 Rxe7 23. Bd3 f6 24. Ne2 Nc7 25. Nd4 fxe5 26. fxe5 Rxf1+ 27. Rxf1 Na8 28. Kg1 Nb6 29. Be2 Bc8 30. Bg4 Na8 31. h4 Nc7 32. Rf3 b4 33. Nc6 Rf7 34. Nxb4 Rxf3 35. gxf3 Kf7 36. Kf2 Bd7 37. Ke3 Ke7 38. c4 dxc4 39. bxc4 a5 40. Nd3 Na6 41. Kd4 Nb4 42. Nxb4 axb4 43. f4 Ba4 44. c5 Bb5 45. Bd1 Kd7 46. Bb3 g6 47. Bc2 Ba6 48. Bd1 Kc7 49. h5 gxh5 50. Bxh5 Kd7 51. Bd1 Bb5 52. Bc2 h5 53. f5 exf5 54. Bxf5+ Ke7 55. Kd5 h4 56. Kd4 Bd7 57. Be4 Be6 58. c6 Kd8 59. Kc5 b3 60. Kd6 Bg4 61. c7+ Kc8 62. e6 Bxe6 63. Kxe6 Kxc7 64. Kf5 h3 65. Kg4 h2 66. Kg3 Kd6 67. Kxh2 Ke5 68. Bb1 Kd4 69. Bh7 b2 70. Bg6 Kc3 {
Zeit  (Lag: Av=0.49s, max=0.7s) . [%emt 0:00:00]} 1/2-1/2

[Event "12h Blitz Kuppenheim Endrunde"]
[Site "Kuppenheim"]
[Date "2005.06.04"]
[Round "?"]
[White "KingLoek"]
[Black "Polaczek"]
[Result "1-0"]
[ECO "D15"]
[WhiteElo "2685"]
[BlackElo "2430"]
[PlyCount "83"]
[EventDate "2005.06.03"]
[EventType "blitz"]
[Source "Kuppenheim"]
[SourceDate "2005.01.01"]
[TimeControl "240"]

1. d4 d5 2. c4 c6 3. Nc3 Nf6 4. Nf3 a6 5. a4 e6 6. Bg5 Nbd7 7. cxd5 exd5 8. e3 Bd6 9. Bd3 O-O 10. Qc2 h6 11. Bh4 Re8 12. O-O Qc7 13. a5 c5 14. Bf5 c4 15. Bxd7 Qxd7 16. Bxf6 gxf6 17. Nxd5 Bxh2+ 18. Nxh2 Qxd5 19. Rfc1 Be6 20. Qe2 Rac8 21. Qf3 Qxf3 22. Nxf3 Bd5 23. Nd2 f5 24. Ra3 Re6 25. f3 b5 26. axb6 Rxb6 27. Rc2 Rcb8 28. Nxc4 Bxc4 29. Rxc4 Rxb2 30. Rc1 Re2 31. Kh2 Rb6 32. Kg3 Rg6+ 33. Kf4 Rexg2 34. Rc5 Rh2 35. Rxf5 h5 36. Rg5 Rh4+ 37. Kf5 Rh3 38. Rxg6+ fxg6+ 39. Kxg6 Rxf3 40. Kxh5 Kf7 41. Kg4 Rf2 42. Rxa6 {
Kuppenheim gibt auf  (Lag: Av=0.53s, max=1.6s) [%emt 0:00:02]} 1-0

[Event "12h Blitz Kuppenheim Endrunde"]
[Site "Kuppenheim"]
[Date "2005.06.04"]
[Round "?"]
[White "Schneider"]
[Black "KingLoek"]
[Result "0-1"]
[ECO "A00"]
[WhiteElo "2350"]
[BlackElo "2685"]
[PlyCount "24"]
[EventDate "2005.06.03"]
[EventType "blitz"]
[Source "Kuppenheim"]
[SourceDate "2005.01.01"]
[TimeControl "240"]

1. f3 d5 2. Kf2 e5 3. Kg3 Nc6 4. f4 exf4+ 5. Kxf4 Bd6+ 6. Kf3 Qf6+ 7. Ke3 Qf4+ 8. Kd3 Qe4+ 9. Kc3 Qb4+ 10. Kd3 Qe4+ 11. Kc3 Qd4+ 12. Kb3 Qc4# {
(Lag: Av=0.52s, max=0.7s) [%emt 0:00:01]} 0-1

[Event "12h Blitz Kuppenheim Endrunde"]
[Site "Kuppenheim"]
[Date "2005.06.04"]
[Round "?"]
[White "KingLoek"]
[Black "Holzinger"]
[Result "1-0"]
[ECO "A40"]
[WhiteElo "2685"]
[BlackElo "1900"]
[PlyCount "41"]
[EventDate "2005.06.03"]
[EventType "blitz"]
[Source "Kuppenheim"]
[SourceDate "2005.01.01"]
[TimeControl "240"]

1. d4 e5 2. dxe5 Nc6 3. Nf3 d6 4. exd6 Bxd6 5. g3 Qe7 6. Bg2 Bg4 7. O-O O-O-O 8. Nbd2 h5 9. h4 f6 10. Re1 g5 11. c3 gxh4 12. Nxh4 Ne5 13. Qc2 Nh6 14. Ne4 Bc5 15. Nxc5 Qxc5 16. Be3 Qd6 17. Rad1 Qe6 18. Rxd8+ Rxd8 19. Bxh6 Bh3 20. Bxh3 Qxh3 21. Qf5+ {
Kuppenheim gibt auf  (Lag: Av=0.51s, max=0.6s) [%emt 0:00:03]} 1-0